 Dungeon Crawl Stone Soup version 0.30-a0-121-gb27577e5d9 (webtiles) character file.

Game seed: 8052391765462774580

1283 Essalna the Geomancer (level 8, -1/48 HPs)
             Began as a Gargoyle Earth Elementalist on Sept 14, 2022.
             Was an Initiate of Vehumet.
             Slain by an orc warrior
             ... wielding a +0 scimitar
              (17 damage)
             ... on level 5 of the Dungeon.
             The game lasted 00:11:00 (5693 turns).

Essalna the Geomancer (Gargoyle Earth Elementalist) Turns: 5693, Time: 00:11:00

Health: -1/48      AC:  9    Str: 17    XL:     8   Next: 54%
Magic:  9/11       EV: 11    Int: 18    God:    Vehumet [......]
Gold:   490        SH:  0    Dex: 13    Spells: 7/11 levels left

rFire   . . .      SeeInvis .    r - +1 dagger (venom)
rCold   . . .      Faith    .    (no shield)
rNeg    + . .      Spirit   .    y - +0 troll leather armour
rPois   ∞          Reflect  .    (no helmet)
rElec   +          Harm     .    i - scarf {repulsion}
rCorr   +          Rampage  .    (no gloves)
Will    .....                    (no boots)
Stlth   ++........               t - amulet of the Komodo Dragon {Regen+ rCorr Str+5 Dex+3}
HPRegen 1.76/turn                (no ring)
MPRegen 0.12/turn                (no ring)

@: repel missiles
A: sickness immunity, AC +5, negative energy resistance 1, electricity
resistance, torment resistance 1, petrification resistance
a: Renounce Religion


You were on level 5 of the Dungeon.
You worshipped Vehumet.
Vehumet was noncommittal.
You visited 2 branches of the dungeon, and saw 7 of its levels.
You also visited: Ossuary.

You collected 490 gold pieces.

Inventory:

Hand Weapons
 c - a +0 flail
 r - a +1 dagger of venom (weapon)
Missiles
 B - a throwing net
Armour
 a - a +1 robe
 i - a scarf of repulsion (worn)
 y - a +0 troll leather armour (worn)
Jewellery
 t - the amulet of the Komodo Dragon (around neck) {Regen+ rCorr Str+5 Dex+3}
   (You found it on level 4 of the Dungeon)

   [amulet of regeneration]

   Str:       It affects your strength (+5).
   Dex:       It affects your dexterity (+3).
   Regen:     It increases your rate of health regeneration.
   rCorr:     It protects you from acid and corrosion.
Wands
 n - a wand of acid (8)
Scrolls
 d - 2 scrolls of fear
 e - 5 scrolls of identify
 j - a scroll of butterflies
 k - a scroll of vulnerability
 p - a scroll of enchant armour
 q - 2 scrolls of blinking
 u - 2 scrolls of magic mapping
 w - a scroll of teleportation
 x - a scroll of torment {unknown}
 z - a scroll of enchant weapon {unknown}
 A - a scroll of acquirement {unknown}
 C - a scroll of brand weapon {unknown}
Potions
 b - 5 potions of magic
 f - 2 potions of cancellation
 g - 2 potions of curing {unknown}
 h - a potion of invisibility {unknown}
 l - a potion of lignification {unknown}
 m - a potion of brilliance {unknown}
 o - 2 potions of haste {unknown}
 s - a potion of heal wounds {unknown}
 v - 3 potions of attraction {unknown}


   Skills:
 + Level 4.5 Fighting
 + Level 1.9 Armour
 - Level 1.5 Dodging
 - Level 2.1 Stealth
 - Level 2.0 Spellcasting
 + Level 1.4 Conjurations
 - Level 0.7 Transmutations
 + Level 11.0 Earth Magic


You had 7 spell levels left.
You knew the following spells:

 Your Spells              Type           Power      Damage    Failure   Level
a - Sandblast             Erth           82%        2d17      1%          1
b - Stone Arrow           Conj/Erth      48%        3d10      4%          3

Your spell library contained the following spells:

 Spells                   Type           Power      Damage    Failure   Level
 Passwall                 Tmut/Erth      18%        N/A       3%          2
 Beastly Appendage        Tmut           8%         N/A       16%         1
 Petrify                  Tmut/Erth      22%        N/A       19%         4
 Wereblood                Tmut           4%         N/A       24%         2
 Spider Form              Tmut/Pois      3%         N/A       50%         3


Dungeon Overview and Level Annotations

Branches:
Dungeon (6/15)             Temple (1/1) D:5         Ossuary (visited)

Altars:
Ashenzari
Cheibriados
Dithmenos
Elyvilon
Fedhas
Gozag
Nemelex Xobeh
Okawaru
Sif Muna
Uskayaw
Vehumet
Wu Jian
Xom
Yredelemnul
Zin
The Shining One

Shops:
D:5 *


Innate Abilities, Weirdness & Mutations

You are immune to sickness and miasma.
Your stone body is resilient. (AC +5)
You are immune to poison.
You resist negative energy. (rN+)
You are resistant to electric shocks. (rElec)
You are resistant to unholy torment.
You are immune to petrification.


Message History

Confirm with . or Enter, or press ? or * to list all spells.
Aiming: Sandblast (safe; 1% risk of failure)
Press: ? - help, Shift-Dir - straight line, f - orc
Aim: an orc, wielding a +0 club and wearing a +0 scale mail (heavily wounded, 87% to hit)
The blast of sand hits the orc.
You kill the orc!
Vehumet accepts your kill.
You start resting.
HP restored.
You start resting.
Magic restored.
You can't go up here!
You climb downwards.
The orc warrior hits you with a +0 scimitar.
There is a stone staircase leading up here.
The orc priest hits you with a +0 hand axe.
The orc warrior hits you with a +0 scimitar!
You climb upwards.
There is a stone staircase leading down here.
Casting: Sandblast (safe; 1% risk of failure)
Confirm with . or Enter, or press ? or * to list all spells.
Aiming: Sandblast (safe; 1% risk of failure)
Press: ? - help, Shift-Dir - straight line, f - orc priest
Aim: an orc priest, wielding a +0 hand axe and wearing a +0 leather armour (85% to hit)
The blast of sand hits the orc priest!
The orc priest is severely wounded.
The orc warrior hits you with a +0 scimitar!
The orc priest invokes the aid of Beogh against you.
Beogh smites you!
* * * LOW HITPOINT WARNING * * *
Casting: Sandblast (safe; 1% risk of failure)
Confirm with . or Enter, or press ? or * to list all spells.
Aiming: Sandblast (safe; 1% risk of failure)
Press: ? - help, Shift-Dir - straight line, f/p - orc priest
Aim: an orc priest, wielding a +0 hand axe and wearing a +0 leather armour (severely wounded, 85% to hit)
The blast of sand hits the orc priest!
You kill the orc priest!
Vehumet accepts your kill. The orc warrior barely misses you.
The orc warrior hits you with a +0 scimitar!
You die...

..## ####........## ###
##>##.........# #...#.........#
### #.8.#........## ##.##
#...#........# ###...#
##.##.......## ##.....#
#######.#######..## ###......#
##...##...##..o###.###.......##
#<.8..'.8....8)@###..........#
##...##...##...## ##.........#
#######[####### ##.........##
#####.......### #..........#
##............## #..........# #
##.............# #.........## ##
...#...........# #..........###.
.......[.......# #........#..##.
.......).......####........##....


You could see an orc warrior.

Vanquished Creatures
  A troll (D:5)
  An orc warrior (D:4)
  A black bear (D:4)
  2 ogres
  5 scorpions
  2 jellies (D:4)
  2 orc priests
  An orc wizard (D:5)
  8 mummies (Ossuary)
  6 adders
  7 gnolls
  A white imp (D:5)
  An ufetubus (D:5)
  3 dart slugs
  7 orcs
  8 ball pythons
  5 endoplasms
  6 giant cockroaches
  3 hobgoblins
  8 jackals (D:1)
  2 bats (D:1)
  A frilled lizard (D:1)
  6 goblins
  4 hobgoblin zombies (Ossuary)
  6 kobolds
  2 kobold zombies (Ossuary)
  2 orc zombies (Ossuary)
  6 rats
107 creatures vanquished.

Notes
Turn   | Place    | Note
-------+----------+-------------------------------------------
     0 | D:1      | Essalna the Gargoyle Earth Elementalist began the quest for
                  | the Orb.
     0 | D:1      | Reached XP level 1. HP: 10/10 MP: 3/3
    53 | D:1      | Reached skill level 4 in Earth Magic
   250 | D:1      | Reached XP level 2. HP: 12/15 MP: 5/5
   406 | D:1      | Found a faded altar of an unknown god.
   407 | D:1      | Noticed a great orb of eyes
   414 | D:1      | Reached skill level 5 in Earth Magic
   414 | D:1      | Reached XP level 3. HP: 13/19 MP: 0/6
   456 | D:1      | Noticed an eye of devastation
   456 | D:1      | Noticed a golden eye
   456 | D:1      | Noticed a golden eye
  1519 | D:2      | Reached skill level 1 in Fighting
  1519 | D:2      | Reached XP level 4. HP: 20/25 MP: 4/7
  2015 | D:3      | Found a basalt altar of Yredelemnul.
  2399 | D:4      | Noticed a scorpion
  2403 | D:4      | Killed a scorpion
  2404 | D:4      | Reached skill level 6 in Earth Magic
  2404 | D:4      | Reached XP level 5. HP: 25/31 MP: 4/8
  2423 | D:4      | Found Yradusus's Magic Scroll Boutique.
  2435 | D:4      | Found a sand-covered staircase.
  2441 | Ossuary  | Entered an ossuary
  2609 | Ossuary  | Reached XP level 6. HP: 37/37 MP: 5/9
  2825 | Ossuary  | Reached skill level 7 in Earth Magic
  3094 | D:4      | Reached XP level 7. HP: 43/43 MP: 7/10
  3601 | D:4      | Reached skill level 8 in Earth Magic
  3631 | D:4      | Identified the amulet of the Komodo Dragon {Regen+ rCorr
                  | Str+5 Dex+3}
  3706 | D:5      | Entered Level 5 of the Dungeon
  3732 | D:5      | Found a sparkling altar of Nemelex Xobeh.
  3793 | D:5      | Reached skill level 9 in Earth Magic
  3874 | D:5      | Found a staircase to the Ecumenical Temple.
  3890 | Temple   | Entered the Ecumenical Temple
  4016 | Temple   | Became a worshipper of Vehumet
  4075 | D:5      | Noticed a troll
  4082 | D:5      | Killed a troll
  4083 | D:5      | Reached skill level 10 in Earth Magic
  4083 | D:5      | Reached XP level 8. HP: 12/48 MP: 6/11
  4245 | D:5      | Found a shimmering altar of Xom.
  4252 | D:5      | Found Waejuwef's Lightly-Used Armoury.
  4381 | D:5      | Learned a level 3 spell: Stone Arrow
  4590 | D:5      | Reached skill level 1 in Armour
  5100 | D:4      | Reached skill level 1 in Conjurations
  5649 | D:5      | Reached skill level 11 in Earth Magic
  5693 | D:5      | Slain by an orc warrior

Illustrated notes

Levels and vault maps discovered:
D:1:      minmay_arrival_up_and_down, layout_rooms,
          hellmonk_ecumenical_altar_watching_god
D:2:      layout_basic, hangedman_decor_opposing, grunt_ministairs_2
D:3:      layout_basic, mainiacjoe_overflow_surrounded_room,
          minmay_misc_feat_chi
D:4:      layout_basic, enter_ossuary_2, serial_shops, shop
D:5:      layout_cave_pods, kennysheep_little_box,
          nemelex_xobeh_ov_fountains_minmay,
          minmay_temple_entry_statues_pillars, chequers_serial_rivers_micro_d,
          grunt_ministairs_5, nrook_mini_backslash, minmay_shop_damaged
D:6:      layout_layer_cave, lemuel_mausoleum_altar_kikubaaqudgha,
          grunt_decor_mini_mirrors, uniq_sigmund, uniq_crazy_yiuf_cottage
Temple:   hellmonk_temple_forest_ring

Skill      XL: |  1  2  3  4  5  6  7  8 |
---------------+-------------------------+-----
Earth Magic    | 4 5 6 7 10 11 | 11.0
Fighting       | 1 2 3 4 |  4.5
Armour         | 1 |  1.9
Conjurations   | 1 |  1.4
Dodging        | |  1.5
Stealth        | |  2.1
Spellcasting   | |  2.0
Transmutations | |  0.7

Action                   |  1- 3 |  4- 6 |  7- 9 || total
-------------------------+-------+-------+-------++-------
Melee: Flail             |    28 |       |       ||    28
       Dagger            |       |     2 |       ||     2
 Cast: Sandblast         |    30 |    63 |    63 ||   156
       Stone Arrow       |       |       |     2 ||     2
  Use: Scroll            |       |     5 |     4 ||     9
 Stab: Sleeping          |     1 |       |       ||     1
Armor: Robe              |    21 |     5 |       ||    26
       Troll leather arm |       |       |     5 ||     5
Dodge: Dodged            |    32 |     8 |    26 ||    66
       Repelled          |     1 |     1 |       ||     2

Table legend: (Time is in decaauts)
 A = Elapsed time spent in this place.
 B = Non-inter-level travel time spent in this place.
 C = Inter-level travel time spent in this place.
 D = Time resting spent in this place.
 E = Time spent auto-exploring this place.
 F = Levels seen in this place.
 G = Mean time per level.
                   A        B        C        D        E       F      G
               +--------+--------+--------+--------+--------+-----+--------+
         Total |   5781 |   5541 |    240 |     54 |   4696 |   8 |  722.6 |
       Dungeon |   5119 |   4894 |    225 |     37 |   4211 |   6 |  853.2 |
        Temple |    132 |    117 |     15 |      0 |    105 |   1 |  132.0 |
       Ossuary |    530 |    530 |      0 |     17 |    380 |   1 |  530.0 |
               +--------+--------+--------+--------+--------+-----+--------+

Top non-repeatable levels by time:
     D:4: 1461 daAuts
     D:5: 1224 daAuts
     D:2: 902 daAuts
     D:1: 895 daAuts
     D:3: 615 daAuts
 Ossuary: 530 daAuts
  Temple: 132 daAuts
     D:6: 19 daAuts
